 Dungeon Crawl Stone Soup version 0.30-a0-1164-ge08a67761e (webtiles) character file.

Game seed: 8581474573807846619

181 Rrauwl the Slasher (level 5, -3/41 HPs)
             Began as a Barachi Warper on Apr 29, 2023.
             Slain by a gnoll
             ... wielding a +0 halberd
              (10 damage)
             ... on level 3 of the Dungeon.
             The game lasted 00:08:26 (3597 turns).

Rrauwl the Slasher (Barachi Warper)                 Turns: 3597, Time: 00:08:27

Health: -3/41      AC:  3    Str: 12    XL:     5   Next: 61%
Magic:  9/9        EV: 13    Int: 13    God:
Gold:   178        SH:  5    Dex: 20    Spells: 5/10 levels left

rFire   . . .        s - +2 falchion (holy)
rCold   . . .        (no shield)
rNeg    . . .        j - +0 robe
rPois   .            (no helmet)
rElec   .            (no cloak)
rCorr   .            (no gloves)
SInv    .            n - +0 pair of boots
Will    .....        h - amulet of reflection
Stlth   ++           q - +6 ring of dexterity
HPRegen 0.26/turn    (no ring)
MPRegen 0.11/turn

%: reflection
@: hasted, quick
A: amphibious, slowness 1, strong legs 1, +LOS
a: Hop


You were on level 3 of the Dungeon.
You visited 1 branch of the dungeon, and saw 3 of its levels.

You collected 178 gold pieces.

Inventory:

Hand Weapons
 b - a +0 sling
 s - a +2 falchion of holy wrath (weapon)
Missiles
 d - 7 boomerangs of dispersal (quivered)
 f - 5 boomerangs
Armour
 j - a +0 robe (worn)
 n - a +0 pair of boots (worn)
Jewellery
 h - an amulet of reflection (around neck)
 q - a +6 ring of dexterity (left hand)
Scrolls
 c - a scroll of blinking
 l - 2 scrolls of identify
 r - a scroll of teleportation
Potions
 e - 4 potions of mutation {unknown}
 g - 2 potions of curing {unknown}
 i - 2 potions of flight {unknown}
 k - a potion of brilliance {unknown}
 m - a potion of degeneration {unknown}
 o - a potion of haste
 p - a potion of heal wounds {unknown}


   Skills:
 - Level 3.0 Fighting
 + Level 4.3 Long Blades
 - Level 1.0 Throwing
 - Level 2.0 Armour
 - Level 3.0 Dodging
 - Level 3.0 Spellcasting
 - Level 4.0 Translocations
 + Level 1.4 Air Magic


You had 5 spell levels left.
You knew the following spells:

 Your Spells              Type           Power      Damage    Failure   Level
a - Blink                 Tloc           24%        N/A       7%          2
b - Vhi's Electric Charg  Tloc/Air       16%        N/A       22%         3

Your spell library contained the following spells:

 Spells                   Type           Power      Damage    Failure   Level
 Lesser Beckoning         Tloc           24%        N/A       7%          2
 Teleport Other           Tloc           12%        N/A       13%         3
 Necrotise                Necr           4%         1d4       22%         1
 Manifold Assault         Tloc           12%        N/A       41%         4


Dungeon Overview and Level Annotations

Branches:
Dungeon (3/15)

Altars:
Elyvilon
Nemelex Xobeh
Okawaru
Sif Muna
Trog
Yredelemnul


Innate Abilities, Weirdness & Mutations

You are amphibious.
You cover ground slowly.
You can hop short distances.
You have an extended range of vision and can be seen from far away.


Message History

The hobgoblin is moderately wounded.
You hear a shout!
The hobgoblin barely misses you.
You hit the hobgoblin.
The hobgoblin is almost dead.
The hobgoblin closely misses you.
A hobgoblin comes into view.
You slash the hobgoblin!
You kill the hobgoblin!
The gnoll hits you from afar with a +0 halberd.
A kobold comes into view. It is wielding a +0 short sword.
A gnoll comes into view. It is wielding a +0 whip.
The gnoll hits you from afar with a +0 halberd.
A goblin comes into view. It is wielding a +0 sling.
The gnoll hits you with a +0 halberd.
The kobold moves out of view.
Things that are here:
a +0 whip; 4 gold pieces Unknown command.
You block the gnoll's attack. The gnoll barely misses you.
The kobold throws a poisoned dart.
You block the poisoned dart with an invisible shield... and reflect it back!
The poisoned dart barely misses the kobold.
The poisoned dart barely misses the hobgoblin.
You block the gnoll's attack. The gnoll barely misses you.
The gnoll closely misses you.
The gnoll hits you from afar with a +0 halberd!
* * * LOW HITPOINT WARNING * * *
You see here a +0 spear.
You see here a jackal skeleton.
You see here a jackal skeleton.
The kobold throws a poisoned dart.
You block the poisoned dart with an invisible shield... and reflect it back!
The poisoned dart hits the kobold!
The kobold is poisoned.
You block the gnoll's attack.
The goblin shoots a sling bullet.
The sling bullet hits you.
* * * LOW HITPOINT WARNING * * *
You feel yourself speed up. You block the hobgoblin's attack.
The gnoll hits you from afar with a +0 halberd!
You die...

~~~~~~≈≈≈~≈~~~~~~~~.....~~~~~≈≈≈~
≈~≈≈≈≈≈≈≈≈≈≈≈≈≈≈≈~~.....~≈~≈≈≈≈≈≈
≈≈≈≈≈≈≈≈≈≈≈≈≈≈≈≈≈≈~.....~≈~≈≈≈≈≈≈
####################''###########
.........)#.......#....#
..........')......#....#
)........)#########....#########.
#######......g...#...)..#........
#....)÷÷gg@'.....))........
#######.....gKg..#......#........
).........#########....#########.
).......g.).......#....#
........).#.......#....#
#################################
≈≈≈≈≈≈≈≈≈≈≈≈≈≈≈≈≈≈≈≈≈≈≈≈≈≈≈≈≈≈≈≈≈
≈≈≈≈≈≈≈≈≈≈≈≈≈≈≈≈≈≈≈≈≈≈≈≈≈≈≈≈≈≈≈≈≈
≈≈≈≈≈≈≈≈≈≈≈≈≈≈≈≈≈≈≈≈≈≈≈≈≈≈≈≈≈≈≈≈≈


You could see 3 gnolls, a hobgoblin, a goblin and a kobold (very poisoned).

Vanquished Creatures
  4 gnolls (D:3)
  3 adders (D:2)
  A white imp (D:3)
  2 worms
  2 dart slugs (D:1)
  An orc (D:3)
  8 bats
  3 endoplasms
  6 giant cockroaches
  16 goblins
  16 hobgoblins
  3 jackals (D:3)
  7 kobolds
  4 quokkas
  6 ball pythons
  A frilled lizard (D:3)
  9 rats
92 creatures vanquished.

Notes
Turn   | Place    | Note
-------+----------+-------------------------------------------
     0 | D:1      | Rrauwl the Barachi Warper began the quest for the Orb.
     0 | D:1      | Reached XP level 1. HP: 17/17 MP: 3/3
   277 | D:1      | Reached XP level 2. HP: 19/23 MP: 5/5
   481 | D:1      | Reached XP level 3. HP: 28/28 MP: 6/6
  1360 | D:2      | Reached XP level 4. HP: 20/34 MP: 8/8
  1577 | D:2      | Learned a level 2 spell: Blink
  1581 | D:2      | Learned a level 3 spell: Vhi's Electric Charge
  2558 | D:3      | Found a sparkling altar of Nemelex Xobeh.
  2589 | D:3      | Found a faded altar of an unknown god.
  2626 | D:3      | Found an iron altar of Okawaru.
  2733 | D:3      | Found a basalt altar of Yredelemnul.
  2793 | D:3      | Found a white marble altar of Elyvilon.
  3071 | D:3      | Found a shimmering blue altar of Sif Muna.
  3077 | D:3      | Reached XP level 5. HP: 32/41 MP: 9/9
  3114 | D:3      | Got Sif Muna's Disquisition on Rot
  3119 | D:3      | Found a bloodstained altar of Trog.
  3453 | D:3      | Reached skill level 1 in Air Magic
  3597 | D:3      | Slain by a gnoll

Illustrated notes

Levels and vault maps discovered:
D:1:      amcnicky_arrival_double_pillar, layout_basic, serial_glass,
          glass_columns_a, glass_columns_a, minmay_strange_pillars
D:2:      layout_basic, kennysheep_generic_room_16
D:3:      minmay_goblin_kobold_castle, layout_loops_cross, kennysheep_ying_yang,
          nzn_overflow_gifts_of_might_and_magic,
          nemelex_xobeh_ov_fountains_minmay, okawaru_metal_pillars_1_2,
          portal_sewer_entry_b, ebering_ecumenical_altar_ruins, st_stairs_14,
          dreamdust_wishing_well, chequers_serial_rivers_room_a

Skill      XL: |  1  2  3  4  5 |
---------------+----------------+-----
Long Blades    | 3 4 |  4.3
Armour         | 2 |  2.0
Fighting       | 3 |  3.0
Spellcasting   | 3 |  3.0
Dodging        | 3 |  3.0
Translocations | 4 |  4.0
Air Magic      | 1 |  1.4
Throwing       | |  1.0

Action                     |  1- 3 |  4- 6 || total
---------------------------+-------+-------++-------
  Melee: Falchion          |   137 |   153 ||   290
         Punch             |     1 |       ||     1
    Use: Scroll            |     1 |     2 ||     3
         Potion            |       |     1 ||     1
   Stab: Sleeping          |       |     3 ||     3
 Armour: Leather armour    |    32 |     1 ||    33
         Robe              |       |    18 ||    18
         Ring mail         |       |     5 ||     5
  Dodge: Dodged            |    83 |    97 ||   180
  Block: Other             |    21 |    41 ||    62
         Reflection        |       |     7 ||     7

Table legend: (Time is in decaauts)
 A = Elapsed time spent in this place.
 B = Non-inter-level travel time spent in this place.
 C = Inter-level travel time spent in this place.
 D = Time resting spent in this place.
 E = Time spent auto-exploring this place.
 F = Levels seen in this place.
 G = Mean time per level.
                   A        B        C        D        E       F      G
               +--------+--------+--------+--------+--------+-----+--------+
         Total |   4160 |   4041 |    119 |      5 |   3240 |   3 | 1386.7 |
       Dungeon |   4160 |   4041 |    119 |      5 |   3240 |   3 | 1386.7 |
               +--------+--------+--------+--------+--------+-----+--------+

Top non-repeatable levels by time:
     D:2: 1447 daAuts
     D:3: 1375 daAuts
     D:1: 1337 daAuts
